AoeStats
← shminky

Arabia

509209718Analyzed
2v2 RM · 6d ago on Sep 25, 2026· 52m 45s· 4 players
Game mode
Random Map
Map size
Medium (4 player)
Population
200
Speed
Normal
Resources
Standard
Victory
Conquest
Starting age
Dark Age
Ending age
Imperial Age
RankedLock teamsTeams togetherTeam positionsShared explorationLock speedFull tech treeHidden civsTurbo modeCheats
Victory
Defeat
🇦🇺 Bulgarians · Australia
914
+14
🇨🇱 Tupi · Chile
913
+14
🇨🇴 Varangians · Colombia
898
-15
🇨🇴 Muisca · Colombia
852
-13
Moquitos
11:53 Feudal Age
11:54 Champi Runner
14:52 Forging
28:54 Castle Age
28:55 Champi Warrior
30:03 Squires
29:54 Pikeman
31:15 Iron Casting
31:22 Wheelbarrow
31:38 Fletching
32:50 Horse Collar
33:17 Double-Bit Axe
33:27 Stone Mining
33:31 Gold Mining
34:57 Bodkin Arrow
35:02 Padded Archer Armor
35:42 Ballistics
50:08 Imperial Age
53:17 Imperial Age
53:25 Hand Cart
awitart
6:04 Loom
11:07 Feudal Age
15:00 Bloodlines
23:42 Castle Age
25:56 Husbandry
26:15 Double-Bit Axe
28:35 Scale Barding Armor
30:17 Forging
31:45 Town Watch
33:37 Fletching
34:28 Horse Collar
39:06 Vendel Legacy
44:09 Imperial Age
42:52 Iron Casting
46:22 Wheelbarrow
45:30 Cavalier
48:50 Blast Furnace
48:11 Chain Barding Armor
Tesla
0:37 Loom
1:59 Loom
10:36 Feudal Age
14:08 Double-Bit Axe
18:04 Fletching
18:50 Horse Collar
26:12 Castle Age
24:42 Champi Runner
28:56 Town Watch
29:36 Squires
30:31 Pikeman
33:32 Wheelbarrow
34:25 Bodkin Arrow
35:21 Gold Mining
42:17 Imperial Age
40:11 Forging
41:01 Bow Saw
41:36 Arson
41:12 Champi Warrior
42:35 Scale Mail Armor
43:38 Heavy Plow
44:04 Conscription
44:51 Capped Ram
47:39 Halberdier
shminky
8:06 Loom
10:20 Feudal Age
15:42 Bloodlines
15:55 Scale Barding Armor
25:18 Castle Age
24:04 Double-Bit Axe
24:04 Horse Collar
26:03 Forging
26:48 Gambesons
27:04 Squires
27:41 Iron Casting
28:49 Gold Mining
29:04 Heavy Plow
31:04 Chain Barding Armor
31:00 Husbandry
30:21 Light Cavalry
31:31 Town Watch
32:21 Wheelbarrow
34:48 Gold Shaft Mining
34:03 Stone Mining
34:37 Stirrups
35:13 Town Patrol
36:08 Scale Mail Armor
36:47 Arson
36:50 Pikeman
42:25 Imperial Age
41:23 Chain Mail Armor
44:33 Blast Furnace
44:03 Plate Mail Armor
44:09 Plate Barding Armor
47:50 Ballistics
47:26 Murder Holes
51:14 Elite Konnik
Connection lost

Rejoining the realm…

Still unreachable

The connection could not be restored.

Session expired

The server has moved on; the page needs a fresh start.